 Dungeon Crawl Stone Soup version 0.29-a0-813-g4a14ea37d6 (webtiles) character file.

Game seed: 16934277617179676125

20 LynnLen the Sneak (level 2, 0/15 HPs)
             Began as a Vampire Enchanter on July 4, 2022.
             Slain by a jackal (1 damage)
             ... on level 1 of the Dungeon.
             The game lasted 00:03:12 (601 turns).

LynnLen the Sneak (Vampire Enchanter)                Turns: 601, Time: 00:03:12

Health: 0/15       AC:  5    Str:  7    XL:     2   Next: 58%
Magic:  5/5        EV: 12    Int: 17    God:
Gold:   21         SH:  0    Dex: 14    Spells: 5/5 levels left

rFire   . . .      SeeInvis +   a - +1 dagger
rCold   + + .      Faith    .   e - orb {guile}
rNeg    + + +      Spirit   .   g - +0 leather armour
rPois   ∞          Reflect  .   (no helmet)
rElec   .          Harm     .   (no cloak)
rCorr   .          Rampage  .   f - +1 pair of gloves
Will    .....                   (no boots)
Stlth   +++++.....              (no amulet)
HPRegen 0.00/turn               (no ring)
MPRegen 0.09/turn               (no ring)

@: bloodless, inhibited regen
A: bloodless, fangs 3, see invisible, vampiric 1
a: Revivify


You were on level 1 of the Dungeon.
You visited 1 branch of the dungeon, and saw 1 of its levels.

You collected 21 gold pieces.

Inventory:

Hand Weapons
 a - a +1 dagger (weapon)
 j - a +1 dagger of speed
Armour
 e - an orb of guile (worn)
 f - a +1 pair of gloves (worn)
 g - a +0 leather armour (worn)
Scrolls
 b - a scroll of magic mapping {unknown}
 d - 2 scrolls of fear {unknown}
 h - a scroll of poison {unknown}
 i - a scroll of identify {unknown}
Potions
 c - 2 potions of invisibility


   Skills:
 + Level 1.1 Short Blades
 * Level 2.5 Dodging
 * Level 5.2 Stealth
 + Level 2.2 Spellcasting
 + Level 4.5 Hexes


You had 5 spell levels left.
You didn't know any spells.
Your spell library contained the following spells:

 Spells                   Type           Power      Damage    Failure   Level
 Confusing Touch          Hex            17%        N/A       13%         3
 Tukima's Dance           Hex            17%        N/A       13%         3
 Ensorcelled Hibernation  Hex/Ice        18%        N/A       17%         2
 Dazzling Flash           Conj/Hex       18%        N/A       32%         3
 Poisonous Vapours        Pois/Air       2%         N/A       41%         2
 Corpse Rot               Necr/Pois/Air  1%         N/A       96%         4


Dungeon Overview and Level Annotations

Branches:
Dungeon (1/15)

Altars:


Innate Abilities, Weirdness & Mutations

You do not regenerate when monsters are visible.
You are frail without blood (-20% HP).
You can heal yourself when you bite living creatures.
You are immune to poison.
You have razor-sharp teeth.
You have supernaturally acute eyesight. (SInv)
You are afflicted with vampirism.


Message History

The jackal bites you but does no damage.
The jackal attacks as you move away! The jackal closely misses you.
The jackal attacks as you move away!
The jackal bites you but does no damage.
The jackal bites you. The jackal attacks as you move away!
The jackal bites you but does no damage.
The jackal closely misses you. The jackal attacks as you move away!
The jackal bites you but does no damage.
The jackal attacks as you move away! The jackal closely misses you. x2
The jackal attacks as you move away! The jackal completely misses you.
You closely miss the jackal. The jackal bites you.
* * * LOW HITPOINT WARNING * * *
The jackal closely misses you.
You hit the jackal.
The jackal is almost dead.
The jackal bites you.
* * * LOW HITPOINT WARNING * * *
The jackal misses you. The jackal bites you.
* * * LOW HITPOINT WARNING * * *
The jackal bites you but does no damage.
You hit the jackal but do no damage.
The jackal is almost dead.
The jackal bites you but does no damage.
The jackal misses you. x2; The jackal closely misses you.
The jackal bites you but does no damage.
You hit the jackal but do no damage.
The jackal is almost dead.
The jackal barely misses you.
The jackal bites you but does no damage.
The jackal misses you. The jackal completely misses you.
The jackal barely misses you. The jackal closely misses you.
The jackal barely misses you.
Unknown command.
You closely miss the jackal.
The jackal is almost dead.
The jackal bites you but does no damage.
The jackal completely misses you. The jackal bites you.
You die...

#### ########### #....#
########... #.........# #....#
#......#... ###.#####.# #....#
#......#... #.#...#.#
#....###......#... #.....#.#
#.............#... ########...#.#
#.............#...
.......###.#.###.............#...
.#####.#.......h@h.........†.....
.#.........#.###hh..........####.
.#.....)........S............#...
###...............######.#.#.#...
..................##.....#.#.#...
###..............................
#..............###.##..#.#.###.
#..............# #.##....#.###.
#########......# #.#.....#.....


You could see 4 jackals and a ball python.

Vanquished Creatures
  A dart slug (D:1)
  3 bats (D:1)
  An endoplasm (D:1)
  A goblin (D:1)
  2 hobgoblins (D:1)
  3 kobolds (D:1)
  2 ball pythons (D:1)
  A frilled lizard (D:1)
  3 rats (D:1)
17 creatures vanquished.

Notes
Turn   | Place    | Note
-------+----------+-------------------------------------------
     0 | D:1      | LynnLen the Vampire Enchanter began the quest for the Orb.
     0 | D:1      | Reached XP level 1. HP: 13/13 MP: 3/3
   236 | D:1      | Reached XP level 2. HP: 15/15 MP: 5/5
   449 | D:1      | Reached skill level 5 in Stealth
   601 | D:1      | Slain by a jackal

Illustrated notes

Levels and vault maps discovered:
D:1:      dpeg_arrival_orchard, layout_basic

Skill      XL: |  1  2 |
---------------+-------+-----
Stealth        | 5 |  5.2
Short Blades   | |  1.1
Dodging        | |  2.5
Spellcasting   | |  2.2
Hexes          | |  4.5

Action                   || total
-------------------------++-------
Melee: Dagger            ||    37
 Abil: Exsanguinate      ||     1
 Stab: Sleeping          ||    11
Armor: Robe              ||     1
       Leather armour    ||    13
Dodge: Dodged            ||    31

Table legend: (Time is in decaauts)
 A = Elapsed time spent in this place.
 B = Non-inter-level travel time spent in this place.
 C = Inter-level travel time spent in this place.
 D = Time resting spent in this place.
 E = Time spent auto-exploring this place.
 F = Levels seen in this place.
 G = Mean time per level.
                   A        B        C        D        E       F      G
               +--------+--------+--------+--------+--------+-----+--------+
         Total |    599 |    599 |      0 |     92 |    242 |   1 |  599.0 |
       Dungeon |    599 |    599 |      0 |     92 |    242 |   1 |  599.0 |
               +--------+--------+--------+--------+--------+-----+--------+

Top non-repeatable levels by time:
     D:1: 599 daAuts
